AoeStats
← NDF

Arabia

509501436Analyzed
2v2 RM · 4d ago on Sep 27, 2026· 117m 18s· 4 players
Game mode
Random Map
Map size
Medium (4 player)
Population
200
Speed
Normal
Resources
Standard
Victory
Conquest
Starting age
Dark Age
Ending age
Imperial Age
RankedLock teamsTeams togetherTeam positionsShared explorationLock speedFull tech treeHidden civsTurbo modeCheats
Victory
Defeat
🇦🇷 Teutons · Argentina
696
+15
🇦🇷 Spanish · Argentina
682
+17
🇦🇷 Franks · Argentina
681
-16
🇦🇷 Mongols · Argentina
681
-16
ignguille
10:05 Feudal Age
15:11 Forging
17:11 Scale Barding Armor
22:32 Gold Mining
22:33 Stone Mining
22:35 Double-Bit Axe
27:13 Castle Age
26:41 Wheelbarrow
27:36 Light Cavalry
29:45 Gold Shaft Mining
30:49 Chain Barding Armor
31:04 Iron Casting
33:22 Husbandry
37:58 Imperial Age
38:07 Cavalier
41:16 Paladin
42:16 Bow Saw
43:42 Hand Cart
44:38 Blast Furnace
44:30 Plate Barding Armor
45:01 Heavy Scorpion
51:16 Ballistics
51:56 Chemistry
66:21 Coinage
66:01 Caravan
67:59 Chivalry
67:43 Elite Throwing Axeman
81:59 Banking
102:54 Scale Mail Armor
102:54 Padded Archer Armor
ELCIRUHAHA
11:04 Feudal Age
12:51 Double-Bit Axe
12:58 Horse Collar
14:50 Bloodlines
22:54 Loom
25:10 Castle Age
26:02 Town Watch
26:54 Wheelbarrow
26:37 Stone Mining
29:01 Scale Barding Armor
29:46 Forging
32:58 Husbandry
33:09 Guard Tower
33:41 Ballistics
33:57 Padded Archer Armor
33:49 Fletching
38:08 Leather Archer Armor
37:49 Bodkin Arrow
38:15 Chain Barding Armor
43:05 Nomads
46:07 Imperial Age
44:54 Iron Casting
46:46 Heavy Camel Rider
50:21 Elite Mangudai
estebanpa
9:35 Feudal Age
7:51 Loom
16:47 Castle Age
16:35 Scale Barding Armor
16:35 Double-Bit Axe
16:40 Horse Collar
17:22 Bloodlines
17:11 Gold Mining
20:28 Heavy Plow
21:39 Chain Barding Armor
23:09 Bow Saw
24:54 Husbandry
29:55 Imperial Age
30:13 Stone Mining
32:00 Stone Shaft Mining
32:13 Squires
31:34 Pikeman
33:11 Cavalier
34:35 Halberdier
35:06 Paladin
39:17 Two-Man Saw
39:13 Plate Barding Armor
38:39 Scale Mail Armor
38:50 Forging
40:37 Light Cavalry
41:46 Chain Mail Armor
42:07 Iron Casting
43:01 Block Printing
43:15 Illumination
43:01 Redemption
42:46 Hussar
45:30 Wheelbarrow
44:44 Town Watch
45:39 Plate Mail Armor
46:10 Blast Furnace
47:08 Inquisition
47:31 Supremacy
47:38 Ballistics
48:22 Chemistry
46:47 Elite Conquistador
48:11 Hand Cart
83:55 Caravan
84:28 Coinage
115:39 Capped Ram
NDF
2:56 Loom
12:43 Feudal Age
16:08 Bloodlines
27:12 Castle Age
26:10 Horse Collar
26:20 Double-Bit Axe
27:21 Gold Mining
38:11 Bow Saw
41:32 Arson
41:48 Squires
44:58 Heavy Plow
44:56 Stone Mining
45:05 Pikeman
47:33 Forging
49:24 Iron Casting
50:45 Stone Shaft Mining
51:36 Scale Mail Armor
51:42 Scale Barding Armor
51:38 Padded Archer Armor
Connection lost

Rejoining the realm…

Still unreachable

The connection could not be restored.

Session expired

The server has moved on; the page needs a fresh start.